Cogmind - Beta 12 @@@ ROGUE MODE // 2023.08.01 @ 16:06:42 Player: Cipherpunk Result: Self-destructed Performance ------------- Evolutions (2) 1000 Regions Visited (3) 600 Robots Destroyed (15) 75 Value Destroyed (288) 288 Prototype IDs (2) 40 Alien Tech Used (0) 0 Bonus (0) 0 TOTAL SCORE: 2003 Bonus ------- None Cogmind --------- Core Integrity 390/550 Matter 13/300 Energy 30/100 System Corruption 0% Temperature Cool (0) Movement Core (50) Location -8/Materials Parts ------- > --- POWER (1) -------- (None) > --- PROPULSION (3) --- (None) > --- UTILITY (5) ------ Signal Interpreter > --- WEAPON (2) ------- (None) > --- INVENTORY (5) ---- Micro Nuclear Core Improved Hover Unit Improved Hover Unit Improved Hover Unit Hacking Suite Peak State ------------ > --- POWER ------------ Micro Nuclear Core > --- PROPULSION ------- Improved Hover Unit Improved Hover Unit Improved Hover Unit > --- UTILITY ---------- Medium Storage Unit Signal Interpreter Seismic Detector ECM Suite Reaction Control System > --- WEAPON ----------- Mini Grenade Launcher Mace > --- INVENTORY -------- Micro Nuclear Core Micro Nuclear Core Improved Hover Unit Improved Hover Unit Reaction Control System Hardened Light Armor Plating Hacking Suite Datajack Mining Laser [Rating: 23] Favorites ----------- Power Light Ion Engine Engine Light Ion Engine Power Core Micro Nuclear Core Propulsion Improved Hover Unit Leg Aluminum Leg Hover Unit Improved Hover Unit Utility Signal Interpreter Device ECM Suite Storage Medium Storage Unit Processor Signal Interpreter Protection Hardened Light Armor Plating Weapon Shotgun Energy Gun Small Laser Ballistic Gun Shotgun Launcher Grenade Launcher Special Weapon Mining Laser Impact Weapon Mace Special Melee Weapon Datajack Build | -11 -10 -9 -8 ------- Run | Jun Mat Mat Mat Slots Evolved 4 | . . 2 2 Power . | . . . . Propulsion 1 | . . 1 . Utility 3 | . . 1 2 Weapon . | . . . . Parts Attached 41 | . 12 19 10 Power 2 | . 1 . 1 Engine 1 | . 1 . . Core 1 | . . . 1 Reactor . | . . . . Propulsion 9 | . 4 1 4 Treads . | . . . . Leg . | . . . . Wheel . | . . . . Hover 9 | . 4 1 4 Flight . | . . . . Utility 19 | . 3 14 2 Device 13 | . . 11 2 Storage 4 | . 2 2 . Processor 1 | . 1 . . Hackware . | . . . . Protection 1 | . . 1 . Artifact . | . . . . Weapon 11 | . 4 4 3 Energy Gun 1 | . 1 . . Energy Cannon . | . . . . Ballistic Gun 3 | . 2 1 . Ballistic Cannon . | . . . . Launcher 2 | . 1 . 1 Special Weapon 1 | . . . 1 Impact Weapon 2 | . . 2 . Slashing Weapon . | . . . . Piercing Weapon . | . . . . Special Melee Weapon 2 | . . 1 1 Unidentified Prototypes . | . . . . Parts Lost 5 | . . 1 4 Power . | . . . . Propulsion 2 | . . . 2 Utility 2 | . . . 2 Weapon 1 | . . 1 . Highest Loss Streak 1 | . . 1 1 To Critical Strikes . | . . . . Average Slot Usage (%) 88 | . 90 98 65 Engine 10 | . 14 11 1 Leg 2 | . 5 . . Hover 24 | . 22 33 14 Device 8 | . . 10 22 Storage 11 | . 14 11 6 Processor 8 | . 5 11 9 Energy Gun 2 | . 5 . . Ballistic Gun 9 | . 21 2 . Impact Weapon 4 | . . 9 2 Special Melee Weapon 3 | . . 7 1 Naked Turns . | . . . . Heaviest Build 31 | 13 31 21 23 Greatest Support 21 | 20 20 21 21 Greatest Overweight (x) 6 | . 2 . 6 Average Overweight (x) . | . 1 . . Largest Inventory Capacity 15 | . 15 10 10 Average Capacity 9 | . 10 10 8 Most Carried 15 | . 15 10 10 Average Carried 9 | . 9 9 7 Final Capacity 10 | 8 10 10 5 Final Carried 10 | 6 10 10 5 Class Distribution -------------------- 100% | Mutant Dominant Class ---------------- Mutant | -10/Materials Mutant | -9/Materials Mutant | -8/Materials Resources | -11 -10 -9 -8 ----------- Run | Jun Mat Mat Mat Matter Collected 452 | 200 107 68 77 Remotely . | . . . . Salvage Created 272 | . 107 68 97 Parts 18 | . 12 2 4 Haulers Intercepted 1 | . . 1 . Recyclers Shooed 1 | . . . 1 Parts Field Recycled . | . . . . Retrieved Matter . | . . . . Parts Self-Destructed . | . . . . Prevented . | . . . . Kills | -11 -10 -9 -8 ------- Run | Jun Mat Mat Mat Combat Hostiles Destroyed 12 | . 6 . 6 Guns 6 | . 6 . . AOE 6 | . . . 6 Classes Destroyed 5 | . 2 2 1 Hauler 1 | . . 1 . Operator 1 | . . 1 . Watcher 1 | . 1 . . Swarmer 9 | . 6 . 3 Grunt 3 | . . . 3 Best Kill Streak 6 | . 3 1 6 Combat Bots Only 6 | . 3 . 6 Max Kills in Single Turn 2 | . 1 1 2 Gunslinging . | . . . . Exploded 2 | . . . 2 Melee . | . . . . Uniques/NPCs Destroyed . | . . . . Combat | -11 -10 -9 -8 -------- Run | Jun Mat Mat Mat Damage Taken 576 | . 116 123 337 Core 263 | . 23 80 160 Absorbed by Shields . | . . . . Core Remaining (%) 90 | 100 90 80 . Volleys Fired 25 | . 13 5 7 Largest 2 | . 2 2 1 Hottest 100 | . 60 46 100 Shots Fired 43 | . 26 10 7 Gun 35 | . 25 10 . Cannon . | . . . . Launcher 6 | . 1 . 5 Special 2 | . . . 2 Kinetic 29 | . 19 10 . Thermal 8 | . 6 . 2 Explosive 6 | . 1 . 5 Electromagnetic . | . . . . Robot Hit Streak 6 | . 5 4 6 Robot Miss Streak 3 | . 2 3 1 Penetration Max . | . . . . Secondary Targets . | . . . . Shots Hit Robots 37 | . 16 15 6 Core Hits 21 | . 8 2 11 Critical Kills 1 | . 1 . . Critical Parts Destroyed 1 | . . 1 . Critical Strikes 2 | . 1 1 . Destroy 1 | . 1 . . Smash 1 | . . 1 . Melee Attacks 24 | . . 24 . Impact 16 | . . 16 . Slashing . | . . . . Piercing . | . . . . Sneak Attacks 8 | . . 8 . Combat Hostiles . | . . . . Follow-up Attacks . | . . . . Damage Inflicted 853 | . 208 150 495 Guns 292 | . 208 84 . Cannons . | . . . . Explosions 432 | . . . 432 Melee 66 | . . 66 . Ramming 15 | . . . 15 Kinetic 259 | . 175 84 . Thermal 81 | . 33 . 48 Explosive 432 | . . . 432 Electromagnetic . | . . . . Impact 66 | . . 66 . Slashing . | . . . . Piercing . | . . . . Highest Corruption . | . . . . Average Corruption . | . . . . Corruption Purged . | . . . . Corruption Blocked . | . . . . Overload Shots . | . . . . Overflow Damage 66 | . . 66 . Projectiles . | . . . . Explosions . | . . . . Melee 66 | . . 66 . Knockbacks 1 | . . 1 . Impact 1 | . . 1 . Kinetic . | . . . . Secondary . | . . . . Self-Inflicted Damage 48 | . . . 48 Shots 1 | . . . 1 Rammed 4 | . . . 4 Targets Rammed 4 | . . . 4 Kicked . | . . . . Crushed . | . . . . Highest Temperature 21 | . . . 21 Average Temperature 6 | . . . 6 Received Heat Transfer 180 | . . 45 135 Siege Activations . | . . . . Robots Corrupted . | . . . . Combat Hostiles . | . . . . Parts Fried . | . . . . Impact Corruptions 2 | . . 2 . Robots Melted . | . . . . Combat Hostiles . | . . . . Parts Melted . | . . . . Heat Transferred 175 | . 75 . 100 Parts Sabotaged . | . . . . Parts Stolen . | . . . . Parts Stripped . | . . . . Power Chain Reactions . | . . . . Missiles Intercepted . | . . . . Alert | -11 -10 -9 -8 ------- Run | Jun Mat Mat Mat Peak Influence 262 | . 141 262 223 Initial 44 | . . 35 44 Average 128 | . 86 154 163 Maximum Alert Level 1 | . . 1 1 Low Security (%) 73 | . 100 57 52 Level 1 26 | . . 42 47 Level 2 . | . . . . Level 3 . | . . . . Level 4 . | . . . . Level 5 . | . . . . High Security . | . . . . Max Security . | . . . . Squads Dispatched 3 | . . 2 1 Investigation 2 | . . 1 1 Extermination . | . . . . Reinforcement 1 | . . 1 . Assault . | . . . . Garrison . | . . . . Intercept . | . . . . Searches Triggered . | . . . . Construction Impeded . | . . . . Haulers Reinforced . | . . . . Active Scanning Responses . | . . . . Cargo Convoy Interrupts . | . . . . Stealth | -11 -10 -9 -8 --------- Run | Jun Mat Mat Mat Distress Signals 3 | . 1 2 . Communications Jammed . | . . . . Distress Signals . | . . . . Times Spotted 50 | . 11 15 24 Peak Tracking Total 8 | . 3 8 6 Tactical Retreats 15 | . 2 6 7 Traps | -11 -10 -9 -8 ------- Run | Jun Mat Mat Mat Traps Triggered 3 | . . . 3 Indirectly . | . . . . Trap Hack Attempts . | . . . . Triggered . | . . . . Disarmed . | . . . . Reprogrammed . | . . . . Reused . | . . . . Traps Extracted . | . . . . Installed . | . . . . Triggered . | . . . . Machines | -11 -10 -9 -8 ---------- Run | Jun Mat Mat Mat Machines Disabled 2 | . . 1 1 Max in Single Turn 1 | . . 1 1 Machines Repaired . | . . . . Machines Sabotaged . | . . . . Overloaded Fab Kills . | . . . . Hacking | -11 -10 -9 -8 --------- Run | Jun Mat Mat Mat Machines Accessed 6 | . 1 4 1 Terminals 6 | . 1 4 1 Fabricators . | . . . . Repair Stations . | . . . . Recycling Units . | . . . . Scanalyzers . | . . . . Garrison Access . | . . . . Total Hacks 17 | . 1 12 4 Successful 7 | . . 4 3 Failed 10 | . 1 8 1 Catastrophic 1 | . . 1 . Database Lockouts . | . . . . Manual 15 | . 1 11 3 Terminals 17 | . 1 12 4 Fabricators . | . . . . Repair Stations . | . . . . Recycling Units . | . . . . Scanalyzers . | . . . . Garrison Access . | . . . . Terminal Hacks 3 | . . 1 2 Record 1 | . . . 1 Prototype ID Bank 1 | . . 1 . Terminal Index 1 | . . . 1 Fabricator Hacks . | . . . . Repair Station Hacks . | . . . . Recycling Unit Hacks . | . . . . Scanalyzer . | . . . . Garrison Access Hacks . | . . . . Unauthorized Hacks 4 | . . 3 1 Terminals 4 | . . 3 1 Botnet 4 | . . 3 1 Fabricators . | . . . . Repair Stations . | . . . . Recycling Units . | . . . . Scanalyzers . | . . . . Garrison Access . | . . . . Data Cores Recovered . | . . . . Used . | . . . . Hacking Detections 5 | . . 4 1 Full Trace Events 1 | . . 1 . Feedback Events . | . . . . Feedback Blocked . | . . . . Robot Schematics Acquired . | . . . . Robots Built . | . . . . Authchips . | . . . . Time . | . . . . Total Robot Build Rating . | . . . . Part Schematics Acquired . | . . . . Parts Built . | . . . . Authchips . | . . . . Time . | . . . . Total Part Build Rating . | . . . . Parts Repaired . | . . . . Time . | . . . . Parts Recycled . | . . . . Recycled Matter . | . . . . Retrieved Matter . | . . . . Retrieved Components . | . . . . Parts Scanalyzed . | . . . . Part Schematics Acquired . | . . . . Parts Damaged . | . . . . Bothacking | -11 -10 -9 -8 ------------ Run | Jun Mat Mat Mat Used RIF Installer . | . . . . Robots Hacked 3 | . . 3 . Non-combat 3 | . . 3 . Combat . | . . . . Robot Hacks Applied 5 | . . 5 . parse_system 1 | . . 1 . no_distress 3 | . . 3 . check_alert 1 | . . 1 . Relay Couplers Released . | . . . . Fabnet Peak Effective % . | . . . . Robots Rewired . | . . . . Allies Hacked . | . . . . Hacks Repelled . | . . . . Allies | -11 -10 -9 -8 -------- Run | Jun Mat Mat Mat Total Allies . | . . . . Largest Group . | . . . . Highest-Rated Group . | . . . . Highest-Rated Ally . | . . . . Total Orders . | . . . . Ally Attacks . | . . . . Total Damage . | . . . . Kills . | . . . . Allies Corrupted . | . . . . Allies Melted . | . . . . Intel | -11 -10 -9 -8 ------- Run | Jun Mat Mat Mat Robot Analysis Total . | . . . . Derelict Logs Recovered . | . . . . Drone Launches . | . . . . Drone Recoveries . | . . . . Exploration | -11 -10 -9 -8 ------------- Run | Jun Mat Mat Mat Turns Passed 1323 | . 541 501 281 Spaces Moved 1238 | 1 342 568 327 Core 156 | . . . 156 Treads . | . . . . Legs 69 | 1 68 . . Wheels . | . . . . Hover 1013 | . 274 568 171 Flight . | . . . . Fastest Speed 50 | 120 116 52 50 Average Speed 77 | 120 129 52 66 Slowest Speed 350 | 120 190 52 350 Overloaded Moves . | . . . . Propulsion Burnouts . | . . . . Robots Hopped . | . . . . Cave-ins Triggered . | . . . . Exploration Rate (%) 37 | 2 59 50 38 Regions Visited 3 Branch Regions . Pre-discovered Areas . | . . . . Known Exits Taken 2 | . 1 1 . Unknown Exits Taken 1 | 1 . . . Scrap Searched . | . . . . Spaces Dug 12 | . . 12 . Terrain Destroyed 31 | . 4 12 15 Melee 12 | . . 12 . Projectile . | . . . . AOE 19 | . 4 . 15 Terrain Rammed . | . . . . Walls Destroyed . | . . . . Machines Disabled . | . . . . Actions | -11 -10 -9 -8 --------- Run | Jun Mat Mat Mat Total 1531 | . 420 725 386 Wait 134 | . 19 98 17 Move 1235 | . 341 567 327 Hop . | . . . . Pick Up 31 | . 18 6 7 Fast Attach 7 | . 4 1 2 Attach 8 | . 1 2 5 Detach 4 | . 1 1 2 Swap 26 | . 7 16 3 Drop 33 | . 16 5 12 Fire 25 | . 13 5 7 Melee 24 | . . 24 . Ram 4 | . . . 4 Kick . | . . . . Crush . | . . . . Escape Stasis . | . . . . Rewire . | . . . . Trap . | . . . . Miscellaneous . | . . . . Route ------- -11/Junkyard -10/Materials (discovered 2 exits: *Mat x2) -9/Materials -8/Materials History --------- Turn | Location | Event 1 | -11/Junkyard | Discovered new exit (range 0) 1 | -11/Junkyard | Entered Materials 150 | -10/Materials | Discovered new exit (range 16) 313 | -10/Materials | Build established: Mutant 396 | -10/Materials | Discovered new exit (range 3) 399 | -10/Materials | Identified exit to Materials 542 | -10/Materials | Entered another Materials area 542 | -9/Materials | Evolved 2 slots: Propulsion x1, Utility x1 1041 | -9/Materials | Discovered new exit (range 4) 1042 | -9/Materials | Identified exit to Materials 1043 | -9/Materials | Entered another Materials area 1043 | -8/Materials | Evolved 2 slots: Utility x2 1324 | -8/Materials | Self-destructed Last Messages --------------- 01232_ Dropped Med. Storage Unit. 01233_ Dropped Mic. Nuclear Core. 01233_ Dropped Seismic Detector. 01253_ K-01 Serf collects debris. 01255_ Slammed into K-01 Serf. 01257_ Reaction Control System broken. 01257_ Destabilizing: Short circuit. 01258_ Slammed into K-01 Serf. 01270_ Broken Reaction Control System destroyed. 01280_ Acquired Imp. Hover Unit. 01283_ Dropped Hrd. Light Armor Plating. 01284_ Acquired Imp. Hover Unit. 01285_ Triggered Blade Trap. 01285_ Massive razor-sharp blades shoot up from within the floor. 01285_ Imp. Hover Unit severed. 01286_ Slammed into T-07 Excavator. 01288_ Dropped Mni. Grenade Launcher. 01288_ Dropped Datajack. 01289_ Acquired Imp. Hover Unit. 01319_ ECM Suite destroyed. Map ----- +----------------------------------------------------+ | | | | | | | | | | | | | | | | | | | | | | | | | | | | | | | | | | | | | ?????????????????????????????????????????????????? | | ?????????????????????????????????????????????????? | | ?????????????????????????????????????????????????? | | ??????????????????#########??????????????????????? | | ??????????????????? #??????????????????????? | | ????????????######?""""" #??????????????????????? | | ???????????? #?""""" #??????????????????????? | | ????????????" # """"" @#??????????????????????? | | ????????????" # """"" #??????????????????????? | | ??????????""" ] # """"" #??????????????????????? | | ?????????? # """"" #???????????????H??????? | | ???????????"" ?# """"" #??????????????????????? | | ???????????"" ! ?# #??????????????????????? | | ###?????????" ??#####+####??????????????????????? | | ????????? ?????# #????????????????????????? | | # ###########+####### #########????????????????? | | + # ???????????? | | # / #######??????????????????? | | ###########+### # #????????????????????????? | | ???####??# # # #????????????????????????? | | ##### ##?# # = # #???????????????? ?????? | | # ### # # #???????????????? #????? | | ## [# # #???????????????? #????? | | ##[ ####### #???????????????# #?#### | | ## #?????# #?##########????# #?# | | ##] #?????# #?# #????# #?# | | [ ## #?????# #?# """ #????# #?# | | ## ! #?????# #?# """ !#????# #?# [ | | = #######?????# ### """ #????# #?# | | #???????????# + #????# #?# | | #???????????# ### """ #????# #?# | | #########???????????# #?# """ #????# #?? | +----------------------------------------------------+ Best States ------------- Heat Dissipation 31 Energy Generation 15 Energy Capacity 250 Matter Stores 300 Matter Capacity 300 Sight Range 16 Terrain Scan Density 10 ECM Strength 1 Armor Coverage 150 Evasion (%) 62 Item Schematics ----------------- None Robot Schematics ------------------ None Fabricated ------------ Nothing Alien Tech Used ----------------- None Achievements -------------- None Challenges ------------ None Game ------ Seed MetafieldSensorEngine Manual? 0 Play Time 00:29:07 Cumulative 146.1 hours Start 2023.08.01 @ 15:35:44 End 2023.08.01 @ 16:06:42 Sessions 1 Manual Loads 0 Difficulty Rogue Special Mode None Game No. 130 Rogue 130 Adventurer 0 Explorer 0 Win Type - Total 2 Types 2/0/0/0/0/0/0/0/0 Lore% 52 Gallery% 59 Achievement% 45 Wizard Run 0 Options --------- ASCII 0 Keyboard 1 Movement Numpad Keybinds 0 Fullscreen 2 Font 24/Cog Map View 76x50 Tactical HUD 1 Map Filters NONE Filters BRIGHTNESS(125)|SATURATION(100) Steam 1 RUN: c12e17b0-0202-4ffb-a6c6-ac8ec6c73de1